 Dungeon Crawl Stone Soup version 0.31.0-32-g396128a36d (webtiles) character file.

Game seed: 3646185388392565541

222 bpung the Ruffian (level 5, -2/50 HPs)
             Began as a Troll Shapeshifter on Mar 29, 2024.
             Killed from afar by a steam dragon (13 damage)
             ... with a ball of steam
             ... on level 4 of the Dungeon.
             The game lasted 00:04:29 (2395 turns).

bpung the Ruffian (Troll Shapeshifter)              Turns: 2395, Time: 00:04:29

Health: -2/50      AC:  4    Str: 24    XL:     5   Next: 66%
Magic:  4/4        EV: 10    Int:  6    God:
Gold:   384        SH:  5    Dex:  9    Spells: 4/4 levels left

rFire   . .          .
                       - Unarmed
rCold   . . .        (no shield)
rNeg    . . .        g - +0 robe
rPois   .            (helmet currently unavailable)
rElec   .            (cloak currently unavailable)
rCorr   .            (gloves unavailable)
SInv    .            (boots unavailable)
Will    .....        e - amulet of reflection
Stlth   +            (no ring)
HPRegen 1.08/turn    (no ring)
MPRegen 0.09/turn

%: reflection
@: beast-form
A: beast (slay +2), large, unfitting armour, claws 3, regeneration 1, shaggy fur
1, tough skin 1
a: Begin Untransformation


You were on level 4 of the Dungeon.
You were a hulking beast.
You visited 1 branch of the dungeon, and saw 4 of its levels.

You collected 384 gold pieces.

Inventory:

Armour
 g - a +0 robe (worn)
 l - a +0 cloak
Jewellery
 e - an amulet of reflection (around neck)
 f - an amulet of guardian spirit
 n - a ring of see invisible
Talismans
 c - a beast talisman
 d - a flux talisman
Wands
 o - a wand of polymorph (8)
Scrolls
 a - 6 scrolls of identify {unknown}
 h - 2 scrolls of amnesia {unknown}
 k - a scroll of teleportation {unknown}
 m - a scroll of enchant weapon {unknown}
 p - a scroll of vulnerability {unknown}
Potions
 b - a potion of lignification
 i - 2 potions of invisibility {unknown}
 j - a potion of mutation {unknown}
 q - a potion of attraction


   Skills:
 + Level 2.3 Fighting
 + Level 2.7 Dodging
 + Level 4.1 Unarmed Combat
 + Level 3.9 Shapeshifting


You had 4 spell levels left.
You didn't know any spells.
Your spell library contained the following spells:

 Spells                   Type           Power      Damage    Failure   Level
 Shock                    Conj/Air       0%         1d3       45%         1
 Blink                    Tloc           0%         N/A       58%         2
 Ensorcelled Hibernation  Hex/Ice        0%         N/A       58%         2
 Lesser Beckoning         Tloc           0%         N/A       58%         2
 Momentum Strike          Conj/Tloc      0%         3d8       58%         2
 Scorch                   Fire           0%         2d5       58%         2
 Frozen Ramparts          Ice            0%         1d1       83%         3
 Passwall                 Erth           0%         N/A       83%         3
 Swiftness                Air            0%         N/A       83%         3
 Airstrike                Air            0%         2d(0-16)  99%         4
 Flame Wave               Conj/Fire      0%         2d4       99%         4
 Leda's Liquefaction      Alch/Erth      0%         N/A       99%         4
 Petrify                  Alch/Erth      0%         N/A       99%         4
 Metabolic Englaciation   Hex/Ice        0%         N/A       100%        5
 Summon Cactus Giant      Summ           0%         N/A       100%        6


Dungeon Overview and Level Annotations

Branches:
Dungeon (4/15)
 Temple: D:4-7

Altars:
Fedhas

Shops:
D:2 [(*(*


Innate Abilities, Weirdness & Mutations

You are a hulking beast.
Your limbs bulge with bestial killing power. (Slay +2)
You are too large for most types of armour.
You have claws for hands.
Your natural rate of healing is unusually fast.
You are covered in fur. (AC +1)
You have tough skin. (AC +1)


Message History

Found a blossoming altar of Fedhas.
You enter the shallow water.
Why would you want to do that? Why would you want to do that?
Why would you want to do that?
A steam dragon comes into view.
A ball python comes into view.
The ball python hisses angrily.
A hound comes into view.
The hound barks!
You completely miss the ball python.
The steam dragon hisses angrily.
You block the ball python's attack.
You barely miss the ball python. The steam dragon breathes steam at you.
The ball of steam hits the ball python!!
The ball python dies!
The ball of steam hits you! The hound bites you but does no damage.
Unknown command.
A phantom comes into view.
The hound is engulfed in a cloud of scalding steam.
The hound attacks as it pursues you! The hound bites you.
The hound barely misses you.
The phantom moves out of view.
The hound attacks as it pursues you! The hound barely misses you.
The hound attacks as it pursues you! The hound barely misses you.
The hound bites you but does no damage. The hound barely misses you.
The hound bites you.
You claw the hound!
The hound is almost dead.
The hound barely misses you.
You scratch the hound.
You kill the hound!
The steam dragon breathes steam at you. The ball of steam hits you!!
You are engulfed in a cloud of scalding steam.
* * * LOW HITPOINT WARNING * * *
The steam dragon breathes steam at you. The ball of steam hits you!
You die...

#.###PP.PPP♣♣♣♣P# #.
######...#P♣.P#.PPPP#PP .#.
#......###PPP♣P.P....PP
#...##......# #PPPP.≈~~~~..
#...........# #♣♣P..~≈≈≈~~~.
#.[#......# #PP..~≈≈≈≈≈≈~~
.........D..# #PP.~~≈~~≈~≈≈≈
###.......#W#####.≈≈≈≈...~~~
....§###..#.D§h§§§~≈≈≈._...P
.##D# ....#######.~≈≈≈...~≈~
... #.#.## PPP~~≈≈~~~≈≈≈ ...
#W#.# #.#..~~≈~≈≈≈~ .. . ..#
#PPP.P~~≈≈≈≈ .. ...
#P♣PP..~~~~~


PPP♣P.PP... # ♣PPPP♣#PPP You could see a steam dragon (catching breath).

Vanquished Creatures
  A phantom (D:4)
  A hound (D:4)
  An orc priest (D:4)
  Terence (D:3)
  An adder (D:4)
  5 orcs
  5 endoplasms
  2 giant cockroaches (D:1)
  5 goblins
  3 hobgoblins (D:1)
  4 jackals
  6 ball pythons
  6 bats
  3 frilled lizards
  5 kobolds
  3 rats
52 creatures vanquished.

Vanquished Creatures (others)
  A ball python (D:4)
1 creature vanquished.

Grand Total: 53 creatures vanquished

Notes
Turn   | Place    | Note
-------+----------+-------------------------------------------
     0 | D:1      | bpung the Troll Shapeshifter began the quest for the Orb.
     0 | D:1      | Reached XP level 1. HP: 18/18 MP: 0/0
    47 | D:1      | Reached skill level 1 in Fighting
    53 | D:1      | Reached XP level 2. HP: 25/27 MP: 1/1
    95 | D:1      | Found a faded altar of an unknown god.
   678 | D:2      | Found Daxiz's General Store.
   680 | D:2      | Found Ecaoru's Antique Weapon Emporium.
   696 | D:2      | Reached XP level 3. HP: 33/33 MP: 2/2
   747 | D:2      | Found Huaryan's General Store.
   827 | D:2      | Found Luozaum's Antique Weapon Emporium.
   925 | D:2      | Found Satyet's Armour Emporium.
  1217 | D:3      | Noticed Terence
  1222 | D:3      | Killed Terence
  1240 | D:3      | Reached XP level 4. HP: 41/41 MP: 3/3
  2124 | D:4      | Noticed a phantom
  2132 | D:4      | Killed a phantom
  2133 | D:4      | Reached XP level 5. HP: 47/49 MP: 4/4
  2155 | D:4      | Reached skill level 4 in Unarmed Combat
  2361 | D:4      | Found a blossoming altar of Fedhas.
  2379 | D:4      | Noticed a steam dragon
  2386 | D:4      | Noticed a phantom
  2395 | D:4      | Killed from afar by a steam dragon

Illustrated notes

Levels and vault maps discovered:
D:1:      dpeg_arrival_shrine, layout_loops_cross,
          hellmonk_ecumenical_altar_prayer_group, minmay_gold_behind_fungi
D:2:      layout_rooms, serial_shops, shop, shop_fountains, shop,
          nicolae_shop_peninsula, shop
D:3:      layout_loops_corners, skrybe_limestone_x, kennysheep_small_spiral,
          uniq_terence
D:4:      minmay_inner_zag, layout_loops_cross, tgw_fedhas,
          gup_sewer_entry_bowl, chequers_decorated_corner, grunt_ministairs_2,
          minmay_misc_feat_square

Skill      XL: |  1  2  3  4  5 |
---------------+----------------+-----
Fighting       | 1 2 |  2.3
Dodging        | 2 |  2.7
Unarmed Combat | 4 |  4.1
Shapeshifting  | |  3.9

Action                     |  1- 3 |  4- 6 || total
---------------------------+-------+-------++-------
  Melee: Unarmed           |    90 |    33 ||   123
         Punch             |     3 |       ||     3
    Use: Potion            |     1 |       ||     1
 Armour: Animal skin       |    24 |       ||    24
         Robe              |    38 |    22 ||    60
  Dodge: Dodged            |    49 |    14 ||    63
  Block: Other             |    12 |     7 ||    19
